 Dungeon Crawl Stone Soup version 0.17-a0-1575-g9a29ec8 (webtiles) character file.

119 soupofsoups the Poker (level 5, -2/35 HPs)
             Began as an Octopode Gladiator on July 26, 2015.
             Slain by theterg's ghost (7 damage)
             ... on level 3 of the Dungeon.
             The game lasted 00:08:18 (2105 turns).

soupofsoups the Poker (Octopode Gladiator)          Turns: 2105, Time: 00:08:18

Health: -2/35      AC:  1    Str: 15      XL:     5   Next: 3%
Magic:  5/5        EV: 13    Int:  8 (11) God:
Gold:   67         SH:  0    Dex: 12      Spells: 0 memorised, 4 levels left

rFire  . . .     SeeInvis .     a - +0 trident
rCold  . . .     Clarity  .     (no shield)
rNeg   . . .     SustAt   .     b - +0 hat
rPois  .         Gourm    .     (no amulet)
rElec  .         Spirit   .     (no ring)
rCorr  .         Warding  .     (no ring)
rMut   .         Stasis   .     (no ring)
MR     .....                    (no ring)
Stlth  ++........               (no ring)
                                (no ring)
                                (no ring)
                                (no ring)

@: very slightly contaminated, hasted, very quick, not resistant to hostile
enchantments, unstealthy
A: almost no armour, amphibious, 8 rings, constrict 8, camouflage 1, gelatinous
body 1
a: no special abilities


You were on level 3 of the Dungeon.
You were not hungry.

You visited 1 branch of the dungeon, and saw 3 of its levels.

You collected 67 gold pieces.

Inventory:

Hand weapons
 a - a +0 trident (weapon)
 g - a cursed -2 dagger
 i - a +3 dagger
 j - a +0 hunting sling
Missiles
 c - 4 throwing nets (quivered)
 l - 54 arrows
Armour
 b - a +0 hat (worn)
Potions
 e - a potion of curing
 k - a potion of might {unknown}
Comestibles
 d - 3 bread rations
 n - 8 chunks of flesh
 o - a meat ration


   Skills:
 + Level 2.4 Fighting
 + Level 5.3 Polearms
 - Level 2.0 Throwing
 - Level 3.0 Dodging


You had 4 spell levels left.
You didn't know any spells.

Dungeon Overview and Level Annotations

Branches:
Dungeon (3/15)

Altars:
Elyvilon
Nemelex Xobeh
Qazlal
Ru

Annotations:
D:3 theterg's ghost, average CeHu


Innate Abilities, Weirdness & Mutations

You cannot wear most types of armour.
You are amphibious.
You can wear up to eight rings at the same time.
You can use your tentacles to constrict eight enemies at once.
Your skin changes colour to match your surroundings (Stealth).
Your rubbery body absorbs attacks (AC +1).


Message History

* * * LOW HITPOINT WARNING * * *
x2 You hit theterg's ghost but do no damage.
Theterg's ghost is moderately damaged.
Theterg's ghost misses you.
You hit theterg's ghost but do no damage.
Theterg's ghost is moderately damaged.
You puncture theterg's ghost! You squeeze theterg's ghost.
Theterg's ghost is severely damaged.
Theterg's ghost closely misses you.
You hit theterg's ghost.
Theterg's ghost is severely damaged.
Theterg's ghost barely misses you.
You hit theterg's ghost.
You squeeze theterg's ghost, but do no damage.
Theterg's ghost is severely damaged.
You hit theterg's ghost but do no damage.
You squeeze theterg's ghost.
Theterg's ghost is severely damaged.
Theterg's ghost hits you!
You die...

############ ...........#
##########[# #.. #.# #.#
#.# ##### #.#
#.###.#########...# #.#
#..........@Ws....###
#.########.#######r......#
....# #.# #..........
....######.# #W.....$...
....>......# ##....#.###
<...######## #....# #
....# ##..## #.### ...#
#.# #.##


You could see theterg's ghost, a quokka and a giant cockroach.

Vanquished Creatures
  4 adders
  A gnoll (D:1)
  3 worms (D:2)
  6 giant cockroaches
  10 hobgoblins
  9 jackals (D:2)
  7 kobolds
  A ball python (D:2)
  5 bats
  2 giant newts
  3 goblins
  3 quokkas
  7 rats (D:1)
61 creatures vanquished.

Notes
Turn   | Place    | Note
--------------------------------------------------------------
     0 | D:1      | soupofsoups the Octopode Gladiator began the quest for the Orb.
     0 | D:1      | Reached XP level 1. HP: 14/14 MP: 1/1
    44 | D:1      | Reached XP level 2. HP: 12/19 MP: 2/2
   349 | D:1      | Reached skill level 4 in Polearms
   597 | D:1      | Reached XP level 3. HP: 24/24 MP: 3/3
   928 | D:2      | Found a stormy altar of Qazlal.
   929 | D:2      | Noticed a fire elemental
   929 | D:2      | Noticed an earth elemental
   929 | D:2      | Noticed a water elemental
   929 | D:2      | Noticed an air elemental
  1262 | D:2      | Found a sparkling altar of Nemelex Xobeh.
  1262 | D:2      | Found a sacrificial altar of Ru.
  1449 | D:2      | Reached XP level 4. HP: 29/29 MP: 4/4
  1514 | D:2      | Found a white marble altar of Elyvilon.
  1597 | D:2      | Reached skill level 5 in Polearms
  1994 | D:3      | Noticed theterg's ghost (average CeHu)
  1999 | D:3      | Reached XP level 5. HP: 26/35 MP: 5/5
  2105 | D:3      | Slain by theterg's ghost

Vault maps used:
D:1:      dpeg_arrival_ratfight
D:2:      nicolae_qazlal_style_of_elements, gammafunk_temple_overflow_elements,
          old_standard_altar, kennysheep_generic_room_6
D:3:      uniq_crazy_yiuf_cottage, uniq_sigmund

Action                   |  1- 3 |  4- 6 || total
-------------------------+-------+-------++-------
Melee: Trident           |    85 |    85 ||   170
Throw: Throwing net      |       |     4 ||     4
  Use: Scroll            |     3 |     1 ||     4
       Potion            |       |     4 ||     4
 Stab: Sleeping          |     9 |     3 ||    12
       Held in net/web   |       |     2 ||     2
  Eat: Chunk             |     2 |     2 ||     4
